 Dungeon Crawl Stone Soup version 0.26.0-10-g1f06aea511 (webtiles) character file.

Game seed: 2791023944989840744

48066 dohliylev the Severer (level 14, -8/132 (133) HPs)
             Began as a Minotaur Berserker on Jan 26, 2021.
             Was a High Priest of Trog.
             Mangled by a sixfirhy (10 damage)
             ... summoned by an orc high priest
             ... on level 2 of the Orcish Mines.
             The game lasted 00:37:37 (16503 turns).

dohliylev the Severer (Minotaur Berserker)         Turns: 16503, Time: 00:37:38

HP:   -8/132 (133)  AC:  8    Str: 28    XL:     14   Next: 10%
MP:   0/13          EV: 18    Int:  4    God:    Trog [*****.]
Gold: 1858          SH: 13    Dex: 13    Spells: 13/13 levels left

rFire    + . .     SeeInvis .   y - +1 broad axe
rCold    . . .     Faith    .   H - +0 kite shield
rNeg     . . .     Spirit   +   h - +0 leather armour of Qazlal's Respect {-Cast Regen+ rCorr Dex+4}
rPois    .         Reflect  .   (helmet restricted)
rElec    .         Harm     .   o - +0 cloak
rCorr    +         Rampage  .   G - +0 pair of gloves
Will     +++..     NoCast   +   B - +0 pair of boots
Stlth    +.........             i - amulet of guardian spirit
HPRegen  1.72/turn              N - +4 ring of slaying
MPRegen  0.13/turn              f - ring of protection from fire

@: berserk cooldown, regenerating, slowed, lightly drained, very slow
A: retaliatory headbutt, horns 2
a: Renounce Religion, Berserk, Trog's Hand, Brothers in Arms


You were on level 2 of the Orcish Mines.
You worshipped Trog.
Trog was extremely pleased with you.
You visited 3 branches of the dungeon, and saw 18 of its levels.

You collected 1858 gold pieces.

Inventory:

Hand Weapons
 y - a +1 broad axe (weapon)
Armour
 h - the +0 leather armour of Qazlal's Respect (worn) {-Cast Regen+ rCorr Dex+4}
   (You found it on level 7 of the Dungeon)

   It affects your dexterity (+4).
   It prevents spellcasting.
   It increases your rate of regeneration.
   It provides partial protection from all sources of acid and corrosion.
 o - a +0 cloak (worn)
 B - a +0 pair of boots (worn)
 D - the +0 robe "Ubbotaats" {rF+ rC- SInv}
   (You found it on level 6 of the Dungeon)

   It protects you from fire.
   It makes you vulnerable to cold.
   It lets you see invisible.
 E - a +0 robe of resistance
 G - a +0 pair of gloves (worn)
 H - a +0 kite shield (worn)
Jewellery
 f - a ring of protection from fire (right hand)
 i - an amulet of guardian spirit (around neck)
 N - a +4 ring of slaying (left hand)
 O - an uncursed ring of poison resistance
Wands
 J - a wand of acid (14)
 K - a wand of digging (7)
 L - a wand of flame (21)
 M - a wand of enslavement (11)
Scrolls
 b - 4 scrolls of enchant armour
 d - 2 scrolls of blinking
 e - 3 scrolls of noise {unknown}
 k - a scroll of random uselessness {unknown}
 m - 5 scrolls of remove curse
 n - 2 scrolls of fog
 p - 2 scrolls of identify
 q - 4 scrolls of enchant weapon
 r - 4 scrolls of amnesia {unknown}
 s - 8 scrolls of teleportation
 u - a scroll of fear {unknown}
 w - 6 scrolls of magic mapping
 C - a scroll of acquirement {unknown}
Potions
 a - a potion of haste {unknown}
 c - 4 potions of magic {unknown}
 g - 2 potions of berserk rage {unknown}
 j - a potion of invisibility {unknown}
 l - 3 potions of brilliance {unknown}
 t - 2 potions of curing {unknown}
 v - a potion of might
 x - a potion of flight {unknown}
 A - 2 potions of lignification {unknown}
 F - 4 potions of heal wounds {unknown}
 I - 3 potions of attraction {unknown}
 P - a potion of resistance {unknown}


   Skills:
 + Level 14.5 Fighting
 - Level 16.0 Axes
 + Level 9.8 Armour
 + Level 11.6 Dodging
 + Level 12.2 Shields
 - Level 1.0 Evocations


You had 13 spell levels left.
You didn't know any spells.
Your spell library was empty.

Dungeon Overview and Level Annotations

Branches:
Dungeon (10/15)            Temple (0/1) D:5            Lair (6/6) D:8
 Shoals (0/4) Lair:4       Spider (0/4) Lair:3        Slime (0/5) Lair:5
    Orc (2/2) D:9
    Elf: Orc:2

Altars:
Cheibriados
Dithmenos
Elyvilon
Gozag
Okawaru
Trog
Yredelemnul
The Shining One

Annotations:
Orc:1 Harold


Innate Abilities, Weirdness & Mutations

You reflexively headbutt those who attack you in melee.
You have a pair of horns on your head.


Message History

You hear a shout! x2
An orc sorcerer comes into view. It is wielding a +0 dagger.
The sixfirhy hits you!
* * * LOW HITPOINT WARNING * * *
The sixfirhy shocks you!
* * * LOW HITPOINT WARNING * * *
The sixfirhy hits you!
* * * LOW HITPOINT WARNING * * *
The sixfirhy shocks you!
* * * LOW HITPOINT WARNING * * *
Your troll bites the sixfirhy.
Your troll completely misses the sixfirhy.
Your troll closely misses the sixfirhy.
The sixfirhy hits you but does no damage.
Things that are here:
a +0 trident; a +0 leather armour; a +0 giant club The sixfirhy closely misses you.
The sixfirhy hits you.
* * * LOW HITPOINT WARNING * * *
The sixfirhy shocks you!
You die...

....... #...# .......
##..## ....... #...#
.....#.##### ##.##
.#......##.####.##
......).#...##...#
..#..ooo#.##...##
..#...#o##)#....#
.oo.o.##.3@((...#
..##.ooo.T..........
..ooooo#.............
o..oo$#..............
.....4...$....###.#.#
...............# ####
.....$.........#
................ ....
.......


You could see an orc warlord, 2 orc high priests, an ice devil (summoned), a
sixfirhy (summoned), 5 orc warriors, an orc priest (strong), an orc (strong) and
a friendly troll (summoned, berserk).

Vanquished Creatures
  5 hydras
  2 two-headed ogres
  A death yak (Lair:3)
  Nergalle (Orc:1)
  A lindwurm (Lair:5)
  Pikel (D:6)
  An orc knight (Orc:1)
  3 oklob plants (Lair:4)
  A cyclops (Orc:2)
  6 elephants (Lair:3)
  A moth of wrath (D:9)
  2 merfolk sirens (Lair:4)
  4 black mambas
  25 cane toads
  2 torpor snails
  A rime drake (Lair:3)
  11 komodo dragons
  A troll (D:9)
  5 tyrant leeches (Lair:6)
  2 polar bears
  2 merfolk (Lair:4)
  21 blink frogs
  7 dream sheep (Lair:6)
  38 yaks
  3 basilisks
  5 wyverns
  Menkaure (D:4)
  6 vampire mosquitoes (Lair:6)
  A steam dragon (Lair:3)
  9 water moccasins
  7 orc warriors
  8 black bears
  3 ice beasts
  A phantom (D:4)
  A swamp drake (D:9)
  A necrophage (D:10)
  A sky beast (D:6)
  16 wolves
  7 ogres
  7 centaurs
  4 lemures (D:6)
  29 bullfrogs
  A scorpion (D:7)
  A water moccasin skeleton (D:9)
  3 killer bees (D:7)
  A howler monkey (D:4)
  3 quasits (D:4)
  2 bullfrog zombies
  5 hounds
  6 jellies
  11 orc priests
  A bullfrog skeleton (D:8)
  Jessica (D:3)
  3 iguanas (D:9)
  15 orc wizards
  7 worker ants
  3 hound zombies
  2 human simulacra (D:10)
  A howler monkey skeleton (D:6)
  4 gnolls (D:3)
  7 adders
  3 white imps
  2 ufetubi (D:7)
  An adder zombie (D:7)
  2 adder skeletons (D:9)
  5 worms
  4 leopard geckos
  48 orcs
  2 giant cockroaches
  3 goblins
  7 hobgoblins
  3 jackals (D:5)
  4 kobolds (D:2)
  6 quokkas
  3 bats
  4 frilled lizards
  8 rats
  A spectral orc (D:5)
437 creatures vanquished.

Vanquished Creatures (others)
  47 fungi
  89 plants
136 creatures vanquished.

Grand Total: 573 creatures vanquished

Notes
Turn   | Place    | Note
-------+----------+-------------------------------------------
     0 | D:1      | dohliylev the Minotaur Berserker began the quest for the
                  | Orb.
     0 | D:1      | Reached XP level 1. HP: 19/19 MP: 0/0
   786 | D:2      | Reached XP level 2. HP: 27/27 MP: 1/1
   837 | D:2      | Reached skill level 4 in Axes
   846 | D:2      | Found an opulent altar of Gozag.
  1385 | D:2      | Reached XP level 3. HP: 33/33 MP: 2/2
  1578 | D:3      | Reached XP level 4. HP: 39/41 MP: 3/3
  1612 | D:3      | Reached skill level 5 in Axes
  1615 | D:3      | Reached ** piety under Trog
  1616 | D:3      | Reached XP level 5. HP: 30/47 MP: 4/4
  1849 | D:3      | Noticed an ogre
  1854 | D:3      | Killed an ogre
  1951 | D:3      | Noticed Jessica
  1956 | D:3      | Killed Jessica
  1957 | D:3      | Reached XP level 6. HP: 55/55 MP: 5/5
  1976 | D:3      | Reached skill level 6 in Axes
  2403 | D:3      | Reached skill level 5 in Armour
  2476 | D:4      | Reached skill level 5 in Fighting
  2478 | D:4      | Found an iron altar of Okawaru.
  2650 | D:4      | Noticed Menkaure
  2655 | D:4      | Killed Menkaure
  2753 | D:4      | Found a shadowy altar of Dithmenos.
  2907 | D:4      | Reached XP level 7. HP: 61/61 MP: 6/6
  2918 | D:4      | Reached skill level 7 in Axes
  3314 | D:5      | Entered Level 5 of the Dungeon
  3404 | D:5      | Found a staircase to the Ecumenical Temple.
  3557 | D:5      | Found a basalt altar of Yredelemnul.
  4170 | D:5      | Reached XP level 8. HP: 44/70 MP: 7/7
  4562 | D:6      | Reached skill level 8 in Axes
  4567 | D:6      | Got a faintly humming robe
  4578 | D:6      | Identified the +0 robe "Ubbotaats" {rF+ rC- SInv} (You
                  | found it on level 6 of the Dungeon)
  5291 | D:6      | Reached skill level 5 in Dodging
  5312 | D:6      | Noticed Pikel
  5323 | D:6      | Killed Pikel
  5324 | D:6      | Reached skill level 9 in Axes
  5346 | D:6      | Reached *** piety under Trog
  5427 | D:6      | Found a glowing golden altar of the Shining One.
  5487 | D:6      | Reached XP level 9. HP: 68/79 MP: 8/8
  5807 | D:7      | Found a snail-covered altar of Cheibriados.
  5808 | D:7      | Got a transparent leather armour
  5825 | D:7      | Identified the +0 leather armour of Qazlal's Respect {-Cast
                  | Regen+ rCorr Dex+4} (You found it on level 7 of the
                  | Dungeon)
  6047 | D:7      | Reached skill level 10 in Axes
  6507 | D:8      | Reached **** piety under Trog
  6509 | D:8      | Reached skill level 11 in Axes
  6568 | D:8      | Found a staircase to the Lair.
  6632 | D:8      | Noticed a two-headed ogre
  6645 | D:8      | Killed a two-headed ogre
  6646 | D:8      | Reached skill level 12 in Axes
  6646 | D:8      | Reached XP level 10. HP: 66/89 MP: 9/9
  6697 | D:8      | Found a white marble altar of Elyvilon.
  7239 | D:9      | Noticed a moth of wrath
  7242 | D:9      | Found a bloodstained altar of Trog.
  7272 | D:9      | Killed a moth of wrath
  7273 | D:9      | Reached skill level 1 in Shields
  7273 | D:9      | Reached skill level 1 in Evocations
  7556 | D:9      | Found a staircase to the Orcish Mines.
  7856 | D:9      | Reached skill level 13 in Axes
  7859 | D:9      | Reached ***** piety under Trog
  8157 | D:9      | Reached XP level 11. HP: 56/97 MP: 10/10
  8333 | D:9      | Found an iron altar of Okawaru.
  8539 | D:10     | Entered Level 10 of the Dungeon
  8807 | D:10     | Received a gift from Trog
  9214 | Lair:1   | Entered Level 1 of the Lair of Beasts
  9314 | Lair:1   | Reached skill level 10 in Fighting
  9319 | Lair:1   | Reached skill level 14 in Axes
  9570 | Lair:1   | Found a dark tunnel.
  9593 | Lair:1   | Reached skill level 5 in Shields
 10563 | Lair:2   | Reached skill level 15 in Axes
 10856 | Lair:2   | Noticed an eight-headed hydra
 10864 | Lair:2   | Killed an 11-headed hydra
 10865 | Lair:2   | Reached XP level 12. HP: 83/108 MP: 5/11
 11494 | Lair:3   | Found a hole to the Spider Nest.
 11738 | Lair:3   | Noticed a death yak
 11744 | Lair:3   | Killed a death yak
 12034 | Lair:3   | Noticed a six-headed hydra
 12043 | Lair:3   | HP: 4/111 [12-headed hydra (7)]
 12143 | Lair:3   | Killed a 14-headed hydra
 12633 | Lair:4   | Reached skill level 16 in Axes
 12663 | Lair:4   | Found a staircase to the Shoals.
 12693 | Lair:4   | Reached skill level 10 in Dodging
 13108 | Lair:4   | Noticed a six-headed hydra
 13113 | Lair:4   | Killed a nine-headed hydra
 13114 | Lair:4   | Reached XP level 13. HP: 118/118 MP: 9/12
 14282 | Lair:5   | Found a staircase to the Slime Pits.
 14333 | Lair:5   | Reached skill level 10 in Shields
 14552 | Lair:6   | Entered Level 6 of the Lair of Beasts
 15082 | Lair:6   | Reached ****** piety under Trog
 15174 | Lair:6   | HP: 6/124 [komodo dragon (25)]
 15201 | Lair:6   | Received a gift from Trog
 15482 | Lair:6   | Reached XP level 14. HP: 132/132 MP: 13/13
 16189 | Orc:1    | Entered Level 1 of the Orcish Mines
 16272 | Orc:1    | Noticed Nergalle
 16277 | Orc:1    | Killed Nergalle
 16284 | Orc:1    | Noticed an orc warlord
 16289 | Orc:1    | Noticed Harold
 16290 | Orc:1    | Paralysed by an orc sorcerer for 3 turns
 16419 | Orc:2    | Entered Level 2 of the Orcish Mines
 16494 | Orc:2    | Noticed an orc warlord
 16502 | Orc:2    | HP: 2/132 [sixfirhy[an orc high priest] (11)]
 16503 | Orc:2    | Mangled by a sixfirhy

Illustrated notes

Levels and vault maps discovered:
D:1:      matt_arrival_diagonals, layout_basic
D:2:      layout_loops_ring, general_overflow_altar, grunt_ministairs_10,
          kennysheep_generic_room_16
D:3:      layout_basic, cheibrodos_gnoll_hut, uniq_jessica
D:4:      cheibrodos_quashed, layout_cave_pools, grunt_dithmenos_smoke,
          minmay_stone_trees_small, hangedman_decor_slide_cut,
          okawaru_metal_pillars_3, uniq_menkaure
D:5:      layout_basic, yredelemnul_forgotten_temple_becter,
          minmay_temple_entry_arrows, serial_glass, glass_columns_a,
          glass_columns_c
D:6:      layout_gridville, tso_oasis_becter, minmay_misc_feat_chi, uniq_pikel
D:7:      layout_gridville, nicolae_overflow_crystal_walls
D:8:      layout_rooms, old_standard_altar, due_lair_maze_entry_diamond
D:9:      layout_basic, lemuel_coloured_pillars_altar, tgw_trog, erik_orc_1,
          roderic_filled_cross
D:10:     minmay_polygon_palace, layout_basic, bh_circular_ruins
Lair:1:   layout_chaotic_city, enter_volcano_1, chequers_serial_rivers_small_b,
          chequers_serial_rivers_large_a
Lair:2:   layout_hall_layers
Lair:3:   layout_regular_city, spider_nest_entry_web_field, st_stairs_10
Lair:4:   layout_regular_city, elwin_shoals_entry_stream, serial_bayou_shore_b,
          infiniplex_staircase_pool_2, minmay_lair_oklob_chamber
Lair:5:   layout_cave_pods, slime_dummy, st_stairs_13, grunt_megastairs_5
Lair:6:   minmay_lair_end_frog_pond, layout_gridlike, serial_bayou_shore_b
Orc:1:    layout_diamond_mine, gammafunk_ghost_necromancy, uniq_harold,
          uniq_nergalle
Orc:2:    st_orc_congregation, layout_caves, basic_altar

Skill      XL: |  1  2  3  4  5  6  7  8  9 10 11 12 13 14 |
---------------+-------------------------------------------+-----
Axes           | 4 5 6 7 9 12 13 15 16 | 16.0
Fighting       | 4 5 7 8 9 10 12 14 | 14.5
Armour         | 3 4 5 6 7 8 9 |  9.8
Dodging        | 3 4 5 7 8 10 11 | 11.6
Shields        | 3 6 9 11 12 | 12.2
Evocations     | 1 |  1.0

Action                   |  1- 3 |  4- 6 |  7- 9 | 10-12 | 13-15 || total
-------------------------+-------+-------+-------+-------+-------++-------
Melee: Hand axe          |    54 |    43 |       |       |       ||    97
       Headbutt          |    12 |     6 |    49 |   196 |    87 ||   350
       War axe           |       |    21 |   224 |   526 |   243 ||  1014
       Broad axe         |       |       |       |       |    61 ||    61
Invok: Berserk           |     1 |     6 |     4 |    11 |     8 ||    30
       Trog's Hand       |       |       |       |     2 |     3 ||     5
       Brothers in Arms  |       |       |       |       |     1 ||     1
Evoke: Wand              |       |       |     1 |     1 |       ||     2
  Use: Scroll            |       |       |     6 |     4 |       ||    10
 Stab: Confused          |       |       |       |     5 |       ||     5
       Distracted        |       |       |       |     1 |       ||     1
       Sleeping          |       |       |       |     1 |       ||     1
Armor: Ring mail         |    17 |    18 |    83 |       |       ||   118
       Leather armour    |       |       |    21 |    84 |    32 ||   137
Dodge: Dodged            |    30 |    52 |   211 |   301 |   130 ||   724
Block: Kite shield       |       |       |       |   264 |   185 ||   449
